Map: Hardwire LE

Players

Warthog - Winner!

  • Race: Terran Terran
  • League: Diamond
  • Spawn Location: 7:00

FrostyFenix

  • Race: Zerg Zerg
  • League: Master
  • Spawn Location: 1:00

VOD

Have the link to the VOD?

Description

Time

  • Played on: Dec. 7, 2021, 8:26 p.m.
  • Length: 9:22
Show
View Real Time Build Order
Export as new Build Order

Warthog Terran - Winner!

Build Orders: Liberator Opening, Reaper Expand 

Get SALT Encoding   

  12  0:00  SCV  
  13  0:12  SCV  
  14  0:18  Supply Depot  
  14  0:25  SCV  
  15  0:39  SCV  
  15  0:40  Barracks  
  16  0:44  Refinery  
  16  0:51  SCV  
  17  1:03  SCV  
  18  1:16  SCV  
  19  1:28  Orbital Command  
  19  1:29  Reaper  
  20  1:41  Command Center  
  20  1:50  Supply Depot  
  21  1:54  SCV  
  21  2:01  Marine  
  22  2:08  Factory  
  22  2:09  SCV  
  22  2:13  Refinery  
  23  2:21  SCV  
  24  2:22  Barracks Reactor  
  24  2:33  SCV  
  25  2:45  SCV  
  26  3:00  Starport  
  26  3:01  Orbital Command  
  26  3:02  SCV  
  27  3:06  Hellion x2, Barracks Tech Lab  
  31  3:14  SCV  
  32  3:26  SCV, Marine  
  34  3:27  Supply Depot, Hellion x2  
  34  3:28  SCV  
  39  3:39  SCV  
  39  3:40  SCV  
  41  3:45  Liberator  
  44  3:48  Hellion  
  44  3:49  Hellion  
  44  3:51  SCV  
  44  3:52  SCV  
  44  3:55  Supply Depot  
  50  4:02  Marine  
  51  4:05  SCV  
  52  4:11  SCV  
  52  4:17  SCV  
  52  4:20  Supply Depot  
  52  4:23  Hellion  
  52  4:24  Engineering Bay, Hellion  
  57  4:25  SCV  
  57  4:28  Supply Depot  
  57  4:29  SCV  
  59  4:40  SCV  
  60  4:48  Starport Reactor  
  60  4:51  Command Center  
  60  4:55  Barracks  
  60  4:56  SCV  
  60  4:58  Barracks, Factory Tech Lab  
  61  5:13  Orbital Command  
  61  5:21  SCV  
  50  5:33  SCV  
  49  5:43  SCV  
  49  5:44  Siege Tank, Marine  
  49  5:45  SCV, Marine  
  56  5:53  Starport Reactor  
  56  5:55  SCV  
  57  5:58  SCV, Marine x2  
  57  5:59  Engineering Bay x2, Stimpack, Marine  
  57  6:04  Orbital Command  
  61  6:07  SCV  
  61  6:09  Barracks  
  61  6:10  SCV  
  61  6:11  Barracks  
  63  6:19  SCV  
  63  6:21  Marine  
  63  6:22  SCV  
  63  6:25  Siege Tank  
  69  6:29  SCV  
  69  6:31  SCV  
  71  6:32  Refinery x2  
  71  6:34  SCV, Marine  
  71  6:35  Marine x3  
  71  6:39  Marine  
  74  6:43  Terran Infantry Weapons Level 1  
  74  6:44  Terran Infantry Armor Level 1  
  73  6:47  SCV, Armory  
  73  6:48  SCV  
  73  6:49  SCV  
  75  6:56  Marine  
  75  6:59  SCV, Siege Tank  
  75  7:00  Medivac, Marine x2  
  84  7:01  Barracks Reactor  
  84  7:03  Barracks Reactor  
  84  7:14  Marine  
  85  7:18  Medivac, Marine  
  85  7:20  Orbital Command  
  88  7:30  SCV x2  
  88  7:32  Marine  
  88  7:36  Supply Depot  
  91  7:39  Supply Depot, Combat Shield  
  91  7:42  SCV  
  91  7:44  Marine x8  
  92  7:46  SCV  
  101  7:58  SCV x2, Medivac, Siege Tank, Marine  
  109  7:59  Supply Depot  
  109  8:01  SCV, Marine  
  109  8:02  Marine x2  
  109  8:04  Supply Depot  
  113  8:10  SCV  
  114  8:14  Marine x3  
  117  8:20  Marine x3  
  117  8:23  Medivac  
  117  8:26  Marine  
  123  8:30  Siege Tank  
  126  8:39  Marine x6  
  126  8:40  Marine  
  133  8:43  Supply Depot  
  133  8:47  Supply Depot  
  133  8:56  Supply Depot, SCV x3, Marine x2  
  133  8:57  Supply Depot, Marine x5  
  133  8:58  Supply Depot  
Show
View Real Time Build Order
Export as new Build Order

FrostyFenix Zerg 

Build Orders: Hatch First, Zergling Baneling 

Get SALT Encoding   

  12  0:05  Drone  
  13  0:08  Drone  
  14  0:16  Overlord  
  14  0:36  Drone x2  
  14  0:37  Drone  
  17  0:53  Hatchery  
  16  0:57  Drone  
  16  0:59  Drone  
  18  1:11  Extractor  
  18  1:15  Spawning Pool  
  18  1:16  Drone  
  17  1:20  Drone  
  18  1:32  Drone  
  19  1:42  Overlord  
  19  2:01  Queen  
  19  2:02  Drone  
  19  2:04  Drone  
  19  2:05  Queen  
  19  2:06  Drone  
  26  2:10  Metabolic Boost  
  26  2:19  Zergling x4  
  28  2:28  Zergling x4  
  30  2:32  Spore Crawler  
  30  2:36  Extractor  
  28  2:40  Spore Crawler  
  29  3:05  Drone x4  
  33  3:10  Baneling Nest  
  32  3:17  Zergling x4  
  32  3:18  Zergling x2  
  35  3:24  Overlord x2  
  35  3:42  Zergling x4  
  35  3:43  Zergling x10  
  42  3:50  Zergling x2  
  42  3:51  Zergling x6  
  46  3:57  Overlord  
  46  4:11  Zergling x4  
  46  4:15  Zergling x6  
  50  4:23  Zergling x6  
  50  4:24  Zergling x2  
  54  4:36  Zergling x4  
  54  4:37  Zergling x6  
  52  4:40  Zergling x2  
  53  4:49  Baneling x9  
  53  4:50  Baneling x6  
  53  4:51  Zergling x4  
  55  4:58  Overlord  
  55  4:59  Overlord  
  35  5:32  Zergling x2  
  35  5:33  Zergling x12  
  36  5:39  Queen  
  36  5:40  Spine Crawler  
  36  5:41  Zergling x10  
  36  5:42  Roach Warren  
  41  5:46  Spore Crawler  
  41  5:48  Drone x2  
  41  5:49  Spore Crawler, Drone  
  42  5:56  Drone x2  
  44  6:08  Drone x2  
  45  6:30  Lair  
  45  6:39  Extractor  
  44  6:45  Drone x3, Extractor  
  44  6:46  Drone x7, Extractor  
  52  6:47  Drone  
  53  6:59  Roach x2, Evolution Chamber  
  56  7:02  Roach  
  56  7:06  Baneling x3  
  58  7:38  Roach x2, Nydus Network  
  58  7:39  Roach x3  
  67  7:44  Drone  
  67  7:45  Overlord  
  67  7:46  Overlord x2  
  68  7:59  Overlord x3  
  68  8:06  Pneumatized Carapace  
  68  8:11  Ravager x3  
  71  8:14  Ravager  
  72  8:22  Queen  
  74  8:42  Nydus Canal  
  74  8:46  Zergling x14  
  74  8:47  Zergling x2  
  84  8:59  Nydus Canal  
Tags
 
Add a new tag
Caveats
  • Supply blocks, unpowered buildings, or Contaminate may cause inaccurate times.
  • Supply counts are checked every 10 seconds.